 Dungeon Crawl Stone Soup version 0.24-a0-67-ga78bd38 (console) character file.

Game seed: 12349746950980223216

11 Duffy the Sneak (level 2, -1/24 HPs)
             Began as a Naga Fire Elementalist on Feb 5, 2019.
             Slain by a jackal (3 damage)
             ... on level 2 of the Dungeon.
             The game lasted 00:01:16 (1167 turns).

Duffy the Sneak (Naga Fire Elementalist)            Turns: 1167, Time: 00:01:17

Health: -1/24      AC:  2    Str: 10    XL:     2   Next: 29%
Magic:  14/14      EV:  9    Int: 15    God:
Gold:   158        SH:  3    Dex: 11    Spells: 4/5 levels left

rFire    . . .     SeeInvis +   i - +2 dagger (venom)
rCold    . . .     Gourm    .   j - +0 buckler
rNeg     . . .     Faith    .   a - +0 robe
rPois    +         Spirit   .   (no helmet)
rElec    .         Reflect  .   h - +0 cloak
rCorr    .         Harm     .   (no gloves)
MR       .....                  (no barding)
Stlth    +.........             (no amulet)
HPRegen  0.08/turn              k - ring of magical power
MPRegen  0.14/turn              l - ring of attention (curse)

@: lethally poisoned (-1 -> -5), very slow
A: large, see invisible, deformed body, poison resistance, slowness 2, slow
metabolism 1, spit poison 1, AC +0
a: Spit Poison


You were on level 2 of the Dungeon.
You were not hungry.

You visited 1 branch of the dungeon, and saw 2 of its levels.

You collected 158 gold pieces.

Inventory:

Hand Weapons
 i - a +2 dagger of venom (weapon)
Armour
 a - a +0 robe (worn)
 h - a +0 cloak (worn)
 j - a +0 buckler (worn)
Jewellery
 k - a ring of magical power (left hand)
 l - a cursed ring of attention (right hand)
Scrolls
 b - a scroll of magic mapping {unknown}
 d - 2 scrolls of teleportation {unknown}
 e - a scroll of fog {unknown}
 g - 3 scrolls of remove curse {unknown}
 n - a scroll of noise {unknown}
Potions
 f - a potion of berserk rage {unknown}
 m - a potion of agility {unknown}
Comestibles
 c - 4 rations


   Skills:
 + Level 0.5 Fighting
 - Level 1.5 Dodging
 - Level 3.0 Stealth
 - Level 2.0 Spellcasting
 + Level 2.1 Conjurations
 - Level 3.0 Fire Magic


You had 4 spell levels left.
You knew the following spells:

 Your Spells              Type           Power        Failure   Level  Hunger
h - Flame Tongue          Conj/Fire      #....        13%         1    #......

Your spell library contained the following spells:

 Spells                   Type           Power        Failure   Level  Hunger
 Throw Flame              Conj/Fire      #.....       21%         2    ###....
 Conjure Flame            Conj/Fire      #.......     36%         3    ###....
 Inner Flame              Hex/Fire       #.......     52%         3    ###....
 Sticky Flame             Conj/Fire      #.......     78%         4    #####..
 Fireball                 Conj/Fire      #.........   98%         5    ######.


Dungeon Overview and Level Annotations

Branches:
Dungeon (2/15)

Altars:


Innate Abilities, Weirdness & Mutations

You cannot wear boots.
Your serpentine skin is tough. (AC +0)
You have supernaturally acute eyesight. (SInv)
Armour fits poorly on your strangely shaped body.
Your system is resistant to poisons. (rPois)
You cover ground very slowly.
You have a slow metabolism.
You can spit poison.


Message History

No target in view!
An adder comes into view.
The adder hisses angrily.
A kobold comes into view.
A jackal comes into view.
The adder bites you.
You are poisoned.
The adder poisons you!
Found a stone staircase leading up.
Things that are here:
a dagger; a jackal corpse A bat and a jackal come into view.
You feel sick. The jackal bites you. The adder bites you but does no damage.
You block the jackal's attack. The adder bites you.
You feel sick. The adder bites you. The jackal barely misses you.
Things that are here:
a dagger; a jackal corpse You feel sick.
The adder bites you. You block the jackal's attack. The adder bites you.
The jackal bites you.
You die...

## #<##
############K##
........##.hS.#
#<##@###.#
#.##.# ..#
########.##.#
.##
#...........#
h#
#.######.####
b# #.# .# #.#
.# #.. #.#


You could see an adder, a jackal and a kobold.

Vanquished Creatures
  2 bats (D:1)
  2 goblins (D:1)
  A hobgoblin (D:1)
  A jackal (D:2)
  A ball python (D:1)
  2 frilled lizards (D:1)
  A kobold (D:1)
  3 rats (D:1)
13 creatures vanquished.

Vanquished Creatures (others)
  5 toadstools (D:1)
5 creatures vanquished.

Grand Total: 18 creatures vanquished

Notes
Turn   | Place    | Note
-------+----------+-------------------------------------------
     0 | D:1      | Duffy the Naga Fire Elementalist began the quest for the
                  | Orb.
     0 | D:1      | Reached XP level 1. HP: 15/15 MP: 3/3
   468 | D:1      | Reached XP level 2. HP: 22/22 MP: 5/5
  1167 | D:2      | Slain by a jackal

Vault maps used:
D:1:      dpeg_arrival_erosion, minivault_26, minmay_gold_behind_fungi
D:2:      marbit_many_paths

Skill      XL: |  1 |
---------------+----+-----
Conjurations   | 2 |  2.1
Fighting       | |  0.5
Dodging        | |  1.5
Stealth        | |  3.0
Spellcasting   | |  2.0
Fire Magic     | |  3.0

Action                   || total
-------------------------++-------
Melee: Dagger            ||    11
 Cast: Flame Tongue      ||     5
 Abil: Spit Poison       ||     7
 Stab: Sleeping          ||     1
  Eat: Chunk             ||     1
Armor: Robe              ||     5
Dodge: Dodged            ||     6
Block: Buckler           ||     4

Table legend:
 A = Non-vault XP
 B = Vault XP
 C = Vault XP percentage of total XP
 D = Non-vault monster count
 E = Vault monster count
 F = Vault count percentage of total count
                 A         B        C        D         E       F
            +---------+---------+-------+---------+---------+-------
      Total |      17 |       0 |   0.0 |      13 |       0 |   0.0
            +---------+---------+-------+---------+---------+-------
        D:1 |      15 |       0 |   0.0 |      12 |       0 |   0.0
        D:2 |       2 |       0 |   0.0 |       1 |       0 |   0.0
            +---------+---------+-------+---------+---------+-------
